 Dungeon Sprint DCSS version 0.31.0-32-g396128a36d (webtiles) character file.

Game seed: 7225160227792786831

13252 Heoruswealwe the Phalangite (level 11, -2/119 HPs)
             Began as a Minotaur Fighter on Mar 21, 2024.
             Was an Initiate of Gozag.
             Killed by divine providence
             ... invoked by a smoke demon
             ... summoned by an orc high priest
              (9 damage)
             ... in the Dungeon (Sprint IX: "|||||||||||||||||||||||||||||").
             The game lasted 00:13:23 (1811 turns).

Heoruswealwe the Phalangite (Minotaur Fighter)      Turns: 1811, Time: 00:13:24

Health: -2/119     AC: 21    Str: 29    XL:     11   Next: 73%
Magic:  10/10      EV:  8    Int:  5    God:    Gozag
Gold:   6691       SH:  0    Dex:  9    Spells: 10/10 levels left

rFire   . . .        a - +0 bardiche
rCold   + . .        (shield currently unavailable)
rNeg    . . .        c - +0 plate armour {rC+}
rPois   .            (helmet restricted)
rElec   .            h - +0 cloak
rCorr   .            (no gloves)
SInv    .            (no boots)
Will    .....        (no amulet) Stlth
                     k - +2 ring of protection
HPRegen 0.39/turn    j - +3 ring of strength
MPRegen 0.12/turn

%: no teleportation
@: on fire, glowing
A: horns 2, retaliatory headbutt
a: Renounce Religion, Potion Petition, Call Merchant, Bribe Branch


You were in the Dungeon.
You worshipped Gozag.
Gozag was greatly pleased with you.
You visited 1 branch You collected 6691 gold pieces.

Inventory:

Hand Weapons
 a - a +0 bardiche (weapon)
 b - a +0 vampiric trident
Armour
 c - a +0 plate armour of cold resistance (worn)
 d - a +0 kite shield
 h - a +0 cloak (worn)
Jewellery
 j - a +3 ring of strength (right hand)
 k - a +2 ring of protection (left hand)
Wands
 l - a wand of roots (10)
Scrolls
 n - 2 scrolls of blinking
 p - 6 scrolls of enchant armour
Potions
 e - 4 potions of heal wounds
 f - 3 potions of curing
 g - 2 potions of haste
 i - a potion of berserk rage
 m - a potion of might
 o - a potion of mutation


   Skills:
 + Level 18.0 Fighting
 * Level 24.1 Polearms
 + Level 18.0 Armour
 - Level 3.6 Shields


You had 10 spell levels left.
You didn't know any spells.
Your spell library was empty.

Dungeon Overview and Level Annotations

Branches:
Dungeon (1/1)

Altars:
Cheibriados
Dithmenos
Elyvilon
Fedhas
Gozag
Hepliaklqana
Kikubaaqudgha
Makhleb
Nemelex Xobeh
Okawaru
Qazlal
Ru
Sif Muna
Trog
Uskayaw
Vehumet
Wu Jian
Xom
Yredelemnul
Zin
The Shining One
Jiyva
Lugonu

Shops:
D :?=?


Innate Abilities, Weirdness & Mutations

You have a pair of horns on your head.
You reflexively headbutt those who attack you in melee.


Message History

The sixfirhy is distracted by your dazzling golden aura.
There is an entrance to Zeos Paf's Magic Scroll Boutique here.
Things that are here:
158 gold pieces; a +0 mace; a +0 hand axe You slice the sixfirhy!!
You kill the sixfirhy!
The sixfirhy disappears in a puff of smoke!
The orc high priest prays to Beogh.
An orc high priest comes into view. It is wielding a +0 short sword.
The orc high priest shouts!
The smoke demon gestures at you. The pyre arrow hits you.
You are covered in intense liquid fire!
The orc high priest prays to Beogh.
You slash the smoke demon!
You headbutt the smoke demon, but do no damage.
The smoke demon is moderately wounded.
The liquid fire burns you!
* * * LOW HITPOINT WARNING * * *
The smoke demon hits you but does no damage.
The smoke demon barely misses you.
The smoke demon hits you but does no damage.
You slash the smoke demon! You headbutt the smoke demon.
The smoke demon is severely wounded.
The liquid fire burns you!
* * * LOW HITPOINT WARNING * * *
The smoke demon gestures at you. Beogh smites you!
* * * LOW HITPOINT WARNING * * *
You feel much better. The liquid fire burns you!
* * * LOW HITPOINT WARNING * * *
The orc high priest utters an invocation to Beogh.
The orc priest invokes the aid of Beogh against you.
Beogh smites you!
* * * LOW HITPOINT WARNING * * *
The smoke demon gestures at you. Beogh smites you!
You die...
Your body crumbles into a pile of gold.

....)'.....['....[[)?!'__________
▓▓▓▓▓▓▓▓▓▓▓▓▓▓▓▓▓▓▓▓▓▓▓▓▓▓▓▓▓▓▓▓▓
.................................
▓▓▓▓▓▓▓▓▓▓▓▓▓▓▓▓▓▓▓▓▓▓▓▓▓▓▓▓▓▓▓▓▓
'..[[[[..')!.=........'.........'
▓▓▓▓▓▓▓▓▓▓▓▓▓▓▓▓▓▓▓▓▓▓▓▓▓▓▓▓▓▓▓▓▓
.................................
▓▓▓▓▓▓▓▓▓▓▓▓▓▓▓▓▓▓▓▓▓▓▓▓▓▓▓▓▓▓▓▓▓
oooo3o3@∩$$$$$'.........
▓▓▓▓▓▓▓▓▓▓▓▓▓▓▓▓▓▓▓▓▓▓▓▓


You could see 3 orc high priests, 2 smoke demons and 2 orc priests.

Vanquished Creatures
  Erolcha (D)
  A hydra (D)
  A centaur warrior (D)
  2 two-headed ogres (D)
  3 orc high priests (D)
  4 orc knights (D)
  A black mamba (D)
  3 cane toads (D)
  A rime drake (D)
  3 komodo dragons (D)
  A troll (D)
  5 polar bears (D)
  A blink frog (D)
  A wraith (D)
  2 yaks (D)
  2 basilisks (D)
  2 water moccasins (D)
  An acid dragon (D)
  11 orc warriors (D)
  2 ice beasts (D)
  4 black bears (D)
  2 wolves (D)
  A centaur (D)
  A kobold brigand (D)
  A bullfrog (D)
  A gnoll sergeant (D)
  A howler monkey (D)
  4 orc priests (D)
  4 orc wizards (D)
  2 adders (D)
  7 orcs (D)
  2 goblins (D)
  A hobgoblin (D)
  A bat (D)
  A frilled lizard (D)
81 creatures vanquished.

Notes
Turn   | Place    | Note
-------+----------+-------------------------------------------
     0 | D        | Heoruswealwe the Minotaur Fighter began the quest for the
                  | Orb.
     0 | D        | Reached XP level 1. HP: 19/19 MP: 0/0
     9 | D        | Banished a spatial maelstrom
    10 | D        | Reached skill level 3 in Polearms
    30 | D        | Noticed an ice beast
    30 | D        | Noticed a water moccasin
    30 | D        | Noticed an ice beast
    39 | D        | Killed an ice beast
    40 | D        | Reached skill level 7 in Polearms
    40 | D        | Reached XP level 2. HP: 22/31 MP: 1/1
    40 | D        | Reached XP level 3. HP: 27/38 MP: 2/2
    40 | D        | Reached XP level 4. HP: 33/45 MP: 3/3
    51 | D        | Killed a water moccasin
    52 | D        | Reached skill level 10 in Polearms
    52 | D        | Reached XP level 5. HP: 18/53 MP: 4/4
    55 | D        | Killed an ice beast
    56 | D        | Reached skill level 11 in Polearms
    56 | D        | Reached XP level 6. HP: 18/62 MP: 5/5
    65 | D        | Found a snail-covered altar of Cheibriados.
    65 | D        | Found a shadowy altar of Dithmenos.
    65 | D        | Found a white marble altar of Elyvilon.
    65 | D        | Found a blossoming altar of Fedhas.
    65 | D        | Found an opulent altar of Gozag.
    66 | D        | Found a hazy altar of Hepliaklqana.
    67 | D        | Found a viscous altar of Jiyva.
    68 | D        | Found an ancient bone altar of Kikubaaqudgha.
    69 | D        | Found a corrupted altar of Lugonu.
    70 | D        | Found a burning altar of Makhleb.
    71 | D        | Found a sparkling altar of Nemelex Xobeh.
    72 | D        | Found an iron altar of Okawaru.
    73 | D        | Found a stormy altar of Qazlal.
    75 | D        | Became a worshipper of Gozag Ym Sagoz the Greedy
    77 | D        | Found a sacrificial altar of Ru.
    78 | D        | Found a shimmering blue altar of Sif Muna.
    79 | D        | Found a bloodstained altar of Trog.
    80 | D        | Found a hide-covered altar of Uskayaw.
    81 | D        | Found a radiant altar of Vehumet.
    82 | D        | Found an ornate altar of the Wu Jian Council.
    83 | D        | Found a shimmering altar of Xom.
    84 | D        | Found a basalt altar of Yredelemnul.
    85 | D        | Found a glowing silver altar of Zin.
    86 | D        | Found a glowing golden altar of the Shining One.
   214 | D        | Noticed a wraith
   214 | D        | Noticed an acid dragon
   214 | D        | Noticed an orc warrior
   220 | D        | Reached skill level 12 in Polearms
   227 | D        | Killed an orc warrior
   239 | D        | Reached XP level 7. HP: 28/71 MP: 6/6
   240 | D        | Reached skill level 10 in Fighting
   240 | D        | Reached skill level 13 in Polearms
   240 | D        | Reached skill level 10 in Armour
   248 | D        | Killed a wraith
   249 | D        | Reached skill level 14 in Polearms
   411 | D        | Noticed a two-headed ogre
   411 | D        | Noticed a four-headed hydra
   411 | D        | Noticed a two-headed ogre
   411 | D        | Noticed a centaur warrior
   411 | D        | Noticed a troll
   415 | D        | Killed a troll
   416 | D        | Reached XP level 8. HP: 70/82 MP: 7/7
   422 | D        | Killed a centaur warrior
   423 | D        | Reached skill level 16 in Polearms
   425 | D        | Killed a two-headed ogre
   426 | D        | Reached skill level 17 in Polearms
   426 | D        | Reached XP level 9. HP: 65/93 MP: 8/8
   430 | D        | Killed an eight-headed hydra
   431 | D        | Reached skill level 18 in Polearms
   436 | D        | Killed a two-headed ogre
   624 | D        | Noticed a komodo dragon
   624 | D        | Noticed a komodo dragon
   624 | D        | Noticed a rime drake
   624 | D        | Noticed a polar bear
   629 | D        | Killed a polar bear
   630 | D        | Reached skill level 19 in Polearms
   634 | D        | Killed a rime drake
   635 | D        | Reached XP level 10. HP: 68/104 MP: 9/9
   651 | D        | Reached skill level 20 in Polearms
   661 | D        | Reached skill level 15 in Fighting
   661 | D        | Reached skill level 15 in Armour
   877 | D        | Noticed a cane toad
   877 | D        | Noticed a cane toad
   877 | D        | Noticed a black mamba
   885 | D        | Killed a black mamba
   891 | D        | Killed a cane toad
   893 | D        | Noticed a cane toad
   896 | D        | Killed a cane toad
   905 | D        | Reached skill level 21 in Polearms
   926 | D        | Killed a cane toad
  1048 | D        | Reached XP level 11. HP: 110/114 MP: 10/10
  1054 | D        | Reached skill level 22 in Polearms
  1168 | D        | Noticed Erolcha
  1180 | D        | Killed Erolcha
  1240 | D        | Noticed an orc knight
  1258 | D        | Killed an orc knight
  1404 | D        | Noticed an orc knight
  1407 | D        | Noticed an orc knight
  1417 | D        | Killed an orc knight
  1424 | D        | Reached skill level 23 in Polearms
  1433 | D        | Killed an orc knight
  1437 | D        | Noticed an orc knight
  1451 | D        | HP: 4/117 [orc warrior/+0 scimitar (20)]
  1475 | D        | Killed an orc knight
  1778 | D        | Found Zeos Paf's Magic Scroll Boutique.
  1778 | D        | Noticed an orc high priest
  1778 | D        | Noticed an orc high priest
  1779 | D        | Noticed an orc high priest
  1782 | D        | Found Vagiugh's Jewellery Shop.
  1786 | D        | Noticed a sun demon
  1787 | D        | Killed an orc high priest
  1794 | D        | Killed an orc high priest
  1795 | D        | Found Pokk's Magic Scroll Boutique.
  1795 | D        | Noticed an orc high priest
  1796 | D        | Noticed an orc high priest
  1803 | D        | Killed an orc high priest
  1804 | D        | Reached skill level 24 in Polearms
  1804 | D        | Found Gagel's Book Shop.
  1805 | D        | Noticed a sixfirhy
  1808 | D        | Noticed an orc high priest
  1810 | D        | HP: 4/119 [smoke demon/divine providence[an orc high
                  | priest] (11)]
  1811 | D        | Killed from afar by a smoke demon

Illustrated notes

Levels and vault maps discovered:
D:        linesprint [early_d, line_temple, items_1, d_10, items_2, lair_1,
          lair_end, items_3, orc_1, orc_end, items_4, d_15, swamp_1, shoals_1,
          snake_1, spider_1, d_20, vaults_1, items_5, swamp_end, shoals_end,
          snake_end, spider_end, vaults_end, d_27, items_6, zot_1, zot_end,
          crypt_end, forest_end, elf_end, slime_end, tomb_end, abyss_end,
          pan_hell_end]

Skill      XL: |  1  2  3  4  5  6  7  8  9 10 11 |
---------------+----------------------------------+-----
Polearms       | 7 10 11 12 14 17 19 21 24 | 24.1
Fighting       | 6 7 8 9 11 13 14 16 18 | 18.0
Armour         | 6 7 8 9 11 13 14 16 18 | 18.0
Shields        | |  3.6

Action                     |  1- 3 |  4- 6 |  7- 9 | 10-12 || total
---------------------------+-------+-------+-------+-------++-------
  Melee: Trident           |    20 |    18 |       |       ||    38
         Headbutt          |     2 |     6 |     6 |    53 ||    67
         Halberd           |       |    20 |    39 |   179 ||   238
         Bardiche          |       |       |       |    23 ||    23
    Use: Potion            |     1 |     1 |     2 |     4 ||     8
   Stab: Distracted        |       |       |       |     2 ||     2
 Armour: Scale mail        |    14 |    35 |     4 |       ||    53
         Chain mail        |       |       |    37 |   119 ||   156
         Plate armour      |       |       |       |     9 ||     9
  Dodge: Dodged            |     6 |    13 |    13 |    49 ||    81
  Block: Buckler           |     2 |     4 |       |       ||     6
